 Dungeon Sprint DCSS version 0.30-a0-953-g5f1da4a474 (webtiles) character file.

Game seed: 17880292890762160416

4011 dialectric the Ninja (level 10, 0/56 HPs)
             Began as a Spriggan Brigand on Mar 28, 2023.
             Was an Elder of Trog.
             Killed from afar by a lava snake (8 damage)
             ... with a glob of lava
             ... in the Dungeon (Sprint II: "The Violet Keep of Menkaure").
             The game lasted 00:06:15 (381 turns).

dialectric the Ninja (Spriggan Brigand)              Turns: 381, Time: 00:06:15

Health: 0/56       AC:  5    Str: 11    XL:     10   Next: 3%
Magic:  11/11      EV: 22    Int: 13    God:    Trog [****..]
Gold:   360        SH:  0    Dex: 21    Spells: 9/9 levels left

rFire   . . .      SeeInvis +    j - +9 dagger of Conflict {speed, *Rage Fly Str+4 Stlth+}
rCold   . . .      Faith    .    (no shield)
rNeg    . . .      Spirit   .    b - +0 robe
rPois   .          Reflect  .    m - +2 hat
rElec   .          Rampage  .    c - +0 cloak
rCorr   .          NoTele   +    (gloves unavailable)
Will    +....      Rage     20%  (boots unavailable) Stlth *+++++++++
                                 (no amulet)
HPRegen 0.29/turn                (no ring)
MPRegen 0.12/turn                (no ring)

@: flying, very quick
A: very small, no large weapons, unfitting armour, see invisible, speed 3
a: Renounce Religion, Berserk, Trog's Hand, Brothers in Arms


You were in the Dungeon.
You worshipped Trog.
Trog was greatly pleased with you.
You visited 1 branch You collected 891 gold pieces.
You spent 531 gold pieces at shops.

Inventory:

Hand Weapons
 a - a +2 dagger
 e - the +3 falchion "Gilis" {heavy, rF+ Will+ rCorr Dex-2}
   (You found it in the Dungeon)

   Dex:       It affects your dexterity (-2).
   rF:        It protects you from fire.
   rCorr:     It protects you from acid and corrosion.
   Will:      It increases your willpower.
 j - the +9 dagger of Conflict (weapon) {speed, *Rage Fly Str+4 Stlth+}
   (You bought it in a shop in the Dungeon)

   Str:       It affects your strength (+4).
   Fly:       It grants you flight.
   *Rage:     It berserks you when you make melee attacks (+20% chance).
   Stlth:     It makes you more stealthy.
Missiles
 d - 5 poisoned darts (quivered)
Armour
 b - a +0 robe (worn)
 c - a +0 cloak (worn)
 m - a +2 hat (worn)
Scrolls
 k - a scroll of blinking
 l - a scroll of fear
Potions
 f - 3 potions of curing
 g - a potion of heal wounds
 h - a potion of haste
 i - 2 potions of magic


   Skills:
 + Level 7.6 Fighting
 + Level 11.7 Short Blades
 - Level 2.2 Throwing
 + Level 6.7 Dodging
 O Level 27 Stealth


You had 9 spell levels left.
You didn't know any spells.
Your spell library was empty.

Dungeon Overview and Level Annotations

Branches:
Dungeon (1/1)

Altars:
Cheibriados
Dithmenos
Elyvilon
Fedhas
Gozag
Hepliaklqana
Kikubaaqudgha
Makhleb
Nemelex Xobeh
Okawaru
Qazlal
Ru
Sif Muna
Trog
Uskayaw
Vehumet
Wu Jian
Xom
Yredelemnul
Zin
The Shining One
Jiyva
Lugonu

Shops:
D [!:?[(::!*?[(==

Annotations:
D exclusion: oklob plant


Innate Abilities, Weirdness & Mutations

You are very small and have problems with some larger weapons.
You are too small for most types of armour.
You have supernaturally acute eyesight. (SInv)
You cover ground extremely quickly. (Speed+++)


Message History

Press: ? - help, Q - select action, (/) - cycle Shift-Dir - straight line, f/p - boulder beetle
Aim: a boulder beetle (91% to hit)
You throw a poisoned dart.
The poisoned dart hits the boulder beetle.
The boulder beetle is poisoned.
The boulder beetle misses you.
There is an open door here.
Throw: 6 darts (poison)
Press: ? - help, Q - select action, (/) - cycle Shift-Dir - straight line, f/p - boulder beetle
Aim: a boulder beetle (lightly wounded, poisoned, 91% to hit)
You throw a poisoned dart.
The poisoned dart hits the boulder beetle.
The boulder beetle looks even sicker.
The boulder beetle is lightly wounded.
You recover from your berserk rage.
There is an open door here.
You see here a wyvern skeleton.
There is an open door here.
The boulder beetle curls into a ball and begins rolling!
You see here a poisoned dart.
d - 6 poisoned darts (gained 1)
There is an open door here.
You see here 243 gold pieces.
Throw: 6 darts (poison)
Press: ? - help, Q - select action, (/) - cycle Shift-Dir - straight line, f/p - boulder beetle
Aim: a boulder beetle (moderately wounded, rolling, poisoned, 91% to hit)
You throw a poisoned dart.
The poisoned dart hits the boulder beetle.
The boulder beetle looks even sicker.
The boulder beetle is moderately wounded.
The boulder beetle hits you!!
Ouch! That really hurt!
* * * LOW HITPOINT WARNING * * *
The boulder beetle stops rolling and uncurls.
The boulder beetle curls into a ball and begins rolling!
Really fly into a travel-excluded area?
The walls and floor vibrate strangely for a moment.
The lava snake spits lava at you. The glob of lava hits you!
You die...

####+#### ##§°≈≈≈§≈##
##°≈§°≈○°°≈## +≈§≈§○§≈○§○≈##++##
###§§§○§§○§§##≈...###
#~##§○○≈S§≈# e≈.^...#
##########~~#'''#§§°#####....#
#########~~~.........#.S+....#
.......∩#~~~~°##@##..#†.####.#
∩.....∩.#~~~°##.#.##.####..'.###
.∩...∩.∩#~~°~#.(#..#....#(.#...##
∩.∩.∩.∩.#~○####(#B####..#####..##
.∩.∩.∩..#~##÷###○###†##..#..'..#.
..∩.....#~#.#.##(##y..#..#..#..#h
...⌠....'~'###○.<.+##.'..####^^##
........#~#.#°##.##.###....###..h
▓▓▓▓▓▓###~##.###'###†##....c.h~~~


You could see a boulder beetle (rolling, very poisoned) and a lava snake
(catching breath).

Vanquished Creatures
  A boulder beetle (D)
  3 shining eyes (D)
  A merfolk siren (D)
  2 unseen horrors (D)
  2 polar bears (D)
  A blink frog (D)
  2 wyverns (D)
  Menkaure (D)
  3 water moccasins (D)
  2 lava snakes (D)
  3 worms (D)
21 creatures vanquished.

Notes
Turn   | Place    | Note
-------+----------+-------------------------------------------
     0 | D        | dialectric the Spriggan Brigand began the quest for the
                  | Orb.
     0 | D        | Reached XP level 1. HP: 10/10 MP: 2/2
     1 | D        | Noticed a wyvern
     1 | D        | Noticed a wyvern
     8 | D        | Reached skill level 7 in Stealth
    23 | D        | Reached skill level 8 in Stealth
    23 | D        | Reached XP level 2. HP: 15/15 MP: 3/3
    26 | D        | Noticed a boulder beetle
    26 | D        | Noticed a boulder beetle
    31 | D        | Killed a wyvern
    32 | D        | Reached skill level 14 in Stealth
    32 | D        | Reached XP level 3. HP: 20/20 MP: 4/4
    32 | D        | Reached XP level 4. HP: 24/24 MP: 5/5
    32 | D        | Reached XP level 5. HP: 28/28 MP: 6/6
    34 | D        | Killed a wyvern
    35 | D        | Reached skill level 5 in Short Blades
    35 | D        | Reached skill level 17 in Stealth
    35 | D        | Reached XP level 6. HP: 33/33 MP: 7/7
    39 | D        | Noticed a merfolk siren
    42 | D        | Killed a merfolk siren
    43 | D        | Reached skill level 20 in Stealth
    43 | D        | Reached XP level 7. HP: 38/38 MP: 8/8
    57 | D        | Found a blossoming altar of Fedhas.
    58 | D        | Found a white marble altar of Elyvilon.
    59 | D        | Found a shadowy altar of Dithmenos.
    59 | D        | Found a corrupted altar of Lugonu.
    59 | D        | Found an opulent altar of Gozag.
    59 | D        | Found a burning altar of Makhleb.
    60 | D        | Found a snail-covered altar of Cheibriados.
    60 | D        | Found an ancient bone altar of Kikubaaqudgha.
    60 | D        | Found a bloodstained altar of Trog.
    61 | D        | Found a viscous altar of Jiyva.
    61 | D        | Found a shimmering blue altar of Sif Muna.
    62 | D        | Found a hazy altar of Hepliaklqana.
    62 | D        | Found a sacrificial altar of Ru.
    63 | D        | Found a shimmering altar of Xom.
    64 | D        | Found a stormy altar of Qazlal.
    64 | D        | Found an ornate altar of the Wu Jian Council.
    64 | D        | Found a sparkling altar of Nemelex Xobeh.
    64 | D        | Found a hide-covered altar of Uskayaw.
    64 | D        | Found a basalt altar of Yredelemnul.
    64 | D        | Found a glowing golden altar of the Shining One.
    75 | D        | Reached skill level 21 in Stealth
    75 | D        | Found an iron altar of Okawaru.
    75 | D        | Found a radiant altar of Vehumet.
    75 | D        | Found a glowing silver altar of Zin.
    82 | D        | Became a worshipper of Trog the Wrathful
    97 | D        | Noticed a shining eye
    97 | D        | Noticed a shining eye
    98 | D        | Noticed a shining eye
    99 | D        | Killed a shining eye
   100 | D        | Reached skill level 5 in Fighting
   100 | D        | Reached skill level 22 in Stealth
   100 | D        | Reached XP level 8. HP: 28/43 MP: 9/9
   101 | D        | Killed a shining eye
   102 | D        | Reached skill level 23 in Stealth
   102 | D        | Killed a shining eye
   102 | D        | Reached * piety under Trog
   103 | D        | Reached skill level 24 in Stealth
   108 | D        | Noticed an unseen horror
   109 | D        | Noticed an unseen horror
   110 | D        | Killed an unseen horror
   111 | D        | Reached skill level 5 in Dodging
   111 | D        | Reached skill level 25 in Stealth
   111 | D        | Reached XP level 9. HP: 35/48 MP: 10/10
   112 | D        | Killed an unseen horror
   113 | D        | Reached skill level 26 in Stealth
   118 | D        | Noticed a deep elf master archer
   123 | D        | Reached ** piety under Trog
   139 | D        | Noticed a yaktaur
   139 | D        | Noticed a polar bear
   140 | D        | Noticed a polar bear
   140 | D        | Noticed a polar bear
   141 | D        | Killed a polar bear
   142 | D        | Reached skill level 27 in Stealth
   142 | D        | Killed a polar bear
   143 | D        | Reached skill level 10 in Short Blades
   169 | D        | Found Naromiurogh's Magic Scroll Emporium.
   169 | D        | Found Vyosuy's Book Shoppe.
   169 | D        | Found Asek's Weapon Emporium.
   169 | D        | Found Ucrurphydgh's Distillery.
   169 | D        | Found Ciyher's Jewellery Emporium.
   169 | D        | Found Fite's Assorted Antiques.
   169 | D        | Found Sidonaur's Antique Armour Shoppe.
   169 | D        | Found Weomonao's Jewellery Shoppe.
   170 | D        | Found Yshruq's Book Shoppe.
   170 | D        | Found Cukkiu's Antique Weapon Emporium.
   170 | D        | Noticed a polar bear
   177 | D        | Reached *** piety under Trog
   178 | D        | Identified the +3 falchion "Gilis" {heavy, rF+ Will+ rCorr
                  | Dex-2}
   186 | D        | Found Bukes's Antique Armour Emporium.
   186 | D        | Found Bozouclu's Magic Scroll Shoppe.
   186 | D        | Noticed Menkaure
   186 | D        | Noticed a polar bear
   186 | D        | Noticed an oklob plant
   187 | D        | Found Duodd's Distillery.
   187 | D        | Found Bafapies's Antique Armour Emporium.
   187 | D        | Found Ajiah's Book Shoppe.
   214 | D        | Killed Menkaure
   242 | D        | Bought a potion of curing for 39 gold pieces
   252 | D        | Bought a crude dagger for 224 gold pieces
   252 | D        | Identified the +9 dagger of Conflict {speed, *Rage Fly
                  | Str+4 Stlth+} (You bought it in a shop in the Dungeon)
   254 | D        | Bought a scroll of fear for 48 gold pieces
   255 | D        | Bought a potion of curing for 33 gold pieces
   255 | D        | Bought a potion of curing for 33 gold pieces
   257 | D        | Bought a glowing hat for 154 gold pieces
   297 | D        | Reached **** piety under Trog
   344 | D        | Killed a boulder beetle
   345 | D        | Reached XP level 10. HP: 30/56 MP: 11/11
   381 | D        | Killed from afar by a lava snake

Illustrated notes

Levels and vault maps discovered:
D:        the_violet_keep_of_menkaure [sprint2_stairs_cluster_1,
          sprint2_shoproom, sprint2_temple, sprint2_basic_supplies,
          sprint2_obstacle_7, sprint2_obstacle_2, sprint2_obstacle_5,
          sprint2_obstacle_3, sprint2_obstacle_4, sprint2_timed_cluster_1,
          sprint2_smallroom_cluster_1, sprint2_smallroom_final_cluster_1,
          sprint2_transparent_cluster_1, sprint2_second_timed_cluster_1,
          sprint2_sniper_area_1, sprint2_heavy_combat_area_1,
          sprint2_mutation_trap_area_1, sprint2_forest_area_1,
          sprint2_light_combat_area_1, sprint2_behind_water_1,
          sprint2_near_end_vault_1]

Skill      XL: |  1  2  3  4  5  6  7  8  9 |
---------------+----------------------------+-----
Stealth        | 8 14 17 20 22 25 27 | 27.0
Fighting       | 3 4 5 7 |  7.6
Short Blades   | 4 5 6 7 9 11 | 11.7
Dodging        | 2 3 4 5 6 |  6.7
Throwing       | |  2.2

Action                     |  1- 3 |  4- 6 |  7- 9 | 10-12 || total
---------------------------+-------+-------+-------+-------++-------
  Melee: Dagger            |     8 |     2 |    47 |       ||    57
         Punch             |       |       |     2 |       ||     2
  Throw: Dart              |     1 |       |    11 |     4 ||    16
    Use: Potion            |       |       |     2 |       ||     2
   Stab: Sleeping          |     3 |     2 |    12 |       ||    17
 Armour: Robe              |       |       |     1 |       ||     1
  Dodge: Dodged            |     3 |       |    22 |     1 ||    26

Table legend: (Time is in decaauts)
 A = Elapsed time spent in this place.
 B = Non-inter-level travel time spent in this place.
 C = Inter-level travel time spent in this place.
 D = Time resting spent in this place.
 E = Time spent auto-exploring this place.
 F = Levels seen in this place.
 G = Mean time per level.
                   A        B        C        D        E       F      G
               +--------+--------+--------+--------+--------+-----+--------+
         Total |    287 |    287 |      0 |      0 |     34 |   1 |  287.0 |
       Dungeon |    287 |    287 |      0 |      0 |     34 |   1 |  287.0 |
               +--------+--------+--------+--------+--------+-----+--------+

Top non-repeatable levels by time:
       D: 287 daAuts
